 Dungeon Crawl Stone Soup version 0.29.1-2-gbd0b4ee654 (webtiles) character file.

Game seed: 1317404570304395253

184 wingedge the Trooper (level 5, -2/42 HPs)
             Began as a Barachi Enchanter on Oct 30, 2022.
             Killed by divine providence
             ... invoked by an orc priest
              (11 damage)
             ... on level 3 of the Dungeon.
             The game lasted 00:13:37 (3432 turns).

wingedge the Trooper (Barachi Enchanter)            Turns: 3432, Time: 00:13:38

Health: -2/42      AC:  4    Str:  9    XL:     5   Next: 63%
Magic:  1/8        EV: 12    Int: 23    God:
Gold:   101        SH:  0    Dex: 15    Spells: 0/8 levels left

rFire   . . .      SeeInvis .   a - +3 hand axe "Spiderbane" {venom, +Blink rPois rC- Int+8}
rCold   x . .      Faith    .   (no shield)
rNeg    . . .      Spirit   .   f - +0 leather armour
rPois   +          Reflect  .   o - +0 helmet
rElec   .          Harm     .   (no cloak)
rCorr   .          Rampage  .   (no gloves)
Will    .....                   (no boots)
Stlth   ++........              (no amulet)
HPRegen 0.14/turn               j - ring of flight
MPRegen 0.11/turn               (no ring)

@: unable to hop, flying, slow
A: amphibious, slowness 1, strong legs 1, +LOS
a: Hop, Evoke Blink


You were on level 3 of the Dungeon.
You visited 1 branch of the dungeon, and saw 3 of its levels.

You collected 101 gold pieces.

Inventory:

Hand Weapons
 a - the +3 hand axe "Spiderbane" (weapon) {venom, +Blink rPois rC- Int+8}
   (You found it on level 2 of the Dungeon)

   It poisons the flesh of those it strikes.
   Int:       It affects your intelligence (+8).
   rC:        It makes you vulnerable to cold.
   rPois:     It protects you from poison.
   +Blink:    It lets you blink.
 b - a +1 dagger
 d - a +0 short sword
 s - a +0 morningstar
Armour
 f - a +0 leather armour (worn)
 n - a +0 ring mail
 o - a +0 helmet (worn)
 r - a +0 robe
Jewellery
 c - a ring of fire
 j - a ring of flight (left hand)
Scrolls
 g - a scroll of teleportation {unknown}
 m - a scroll of enchant weapon {unknown}
 p - a scroll of amnesia {unknown}
Potions
 e - a potion of mutation {unknown}
 h - a potion of curing {unknown}
 i - a potion of brilliance {unknown}
 k - 2 potions of lignification {unknown}
 l - a potion of ambrosia {unknown}
 q - a potion of magic {unknown}


   Skills:
 - Level 4.0 Fighting
 + Level 2.8 Short Blades
 - Level 2.1 Dodging
 - Level 3.0 Stealth
 + Level 2.2 Spellcasting
 + Level 3.4 Hexes
 - Level 3.0 Ice Magic


You couldn't memorise any spells.
You knew the following spells:

 Your Spells              Type           Power      Damage    Failure   Level
a - Ensorcelled Hibernat  Hex/Ice        34%        N/A       7%          2
b - Confusing Touch       Hex            18%        N/A       13%         3
c - Tukima's Dance        Hex            18%        N/A       13%         3

Your spell library contained the following spells:

 Spells                   Type           Power      Damage    Failure   Level
 Dazzling Flash           Conj/Hex       20%        N/A       26%         3


Dungeon Overview and Level Annotations

Branches:
Dungeon (3/15)

Altars:


Innate Abilities, Weirdness & Mutations

You are amphibious.
You cover ground slowly.
You can hop short distances.
You have an extended range of vision and can be seen from far away.


Message History

The orc priest invokes the aid of Beogh against you.
Beogh smites you!
You hear a shout!
You barely miss the orc.
The orc is severely wounded.
The orc hits you with a +0 flail.
You slash the orc!
You kill the orc!
Casting: Ensorcelled Hibernation (safe; 7% risk of failure)
Confirm with . or Enter, or press ? or * to list all spells.
Aiming: Ensorcelled Hibernation (safe; 7% risk of failure)
Press: ? - help, Shift-Dir - straight line, f - orc priest
Aim: an orc priest, wielding a +0 flail (chance to affect: 50%)
The orc priest resists with some effort.
The orc priest hits you with a +0 flail!
Casting: Ensorcelled Hibernation (safe; 7% risk of failure)
Confirm with . or Enter, or press ? or * to list all spells.
Aiming: Ensorcelled Hibernation (safe; 7% risk of failure)
Press: ? - help, Shift-Dir - straight line, f/p - orc priest
Aim: an orc priest, wielding a +0 flail (chance to affect: 50%)
The orc priest resists with some effort.
The orc priest invokes the aid of Beogh against you.
Pain shoots through your body!
Casting: Ensorcelled Hibernation (safe; 7% risk of failure)
Confirm with . or Enter, or press ? or * to list all spells.
Aiming: Ensorcelled Hibernation (safe; 7% risk of failure)
Press: ? - help, Shift-Dir - straight line, f/p - orc priest
Aim: an orc priest, wielding a +0 flail (chance to affect: 50%)
The orc priest resists with some effort.
The orc priest hits you with a +0 flail.
* * * LOW HITPOINT WARNING * * *
Casting: Ensorcelled Hibernation (safe; 7% risk of failure)
Confirm with . or Enter, or press ? or * to list all spells.
You don't have enough magic to cast this spell.
Hop to where?
Press: ? - help, Dir - move target, p - orc priest Boing!
The orc priest mumbles some strange prayers to Beogh against you.
Beogh smites you!
You die...

#......###..# .##
#.......#..## #..### # .#
#...........###.....# #..
.# #........#...#...# #
#....###.......###.....#
...o...)o.....## ##._.## #
###.####.......###.....#
#######o#
#°o......#...#...#
.....†o.#
#....@.<....###......
........####.......#..##
#..#..
....<÷............###..#
.## .
..........#........###.# )
####................. .#
.# #÷....................
###.....................#
#........................
#.So...................#..


You could see 2 orc priests.

Vanquished Creatures
  A hound (D:3)
  Natasha (D:2)
  An orc wizard (D:3)
  4 gnolls (D:2)
  2 adders
  A worm (D:3)
  3 orcs (D:3)
  3 endoplasms
  4 giant cockroaches
  A goblin (D:2)
  7 hobgoblins
  7 ball pythons
  7 bats
  A kobold (D:1)
  4 rats
47 creatures vanquished.

Vanquished Creatures (others)
  An orc (D:3)
1 creature vanquished.

Grand Total: 48 creatures vanquished

Notes
Turn   | Place    | Note
-------+----------+-------------------------------------------
     0 | D:1      | wingedge the Barachi Enchanter began the quest for the Orb.
     0 | D:1      | Reached XP level 1. HP: 13/13 MP: 3/3
   126 | D:1      | Reached skill level 1 in Fighting
   286 | D:1      | Reached skill level 2 in Fighting
   286 | D:1      | Reached XP level 2. HP: 11/22 MP: 5/5
   730 | D:1      | Reached skill level 1 in Ice Magic
  1360 | D:1      | Learned a level 2 spell: Ensorcelled Hibernation
  1809 | D:2      | Reached XP level 3. HP: 27/27 MP: 1/6
  2080 | D:2      | Reached skill level 3 in Fighting
  2156 | D:2      | Identified the +3 hand axe "Spiderbane" {venom, +Blink
                  | rPois rC- Int+8}
  2280 | D:2      | Reached XP level 4. HP: 35/35 MP: 4/7
  2642 | D:3      | Reached XP level 5. HP: 22/42 MP: 8/8
  2867 | D:3      | Reached skill level 4 in Fighting
  2902 | D:3      | Noticed Natasha
  2973 | D:2      | Killed Natasha
  3294 | D:2      | Learned a level 3 spell: Confusing Touch
  3298 | D:2      | Learned a level 3 spell: Tukima's Dance
  3345 | D:3      | Found a faded altar of an unknown god.
  3432 | D:3      | Killed from afar by an orc priest

Illustrated notes

Levels and vault maps discovered:
D:1:      minmay_arrival_cross, layout_loops_ring, kennysheep_pointless_box
D:2:      layout_loops_ring
D:3:      layout_rooms, serial_shops, shop_statue, ebering_ghost_sewer_f,
          nicolae_ecumenical_snake_handling, minmay_misc_feat_hallway,
          minmay_lizard_king, uniq_robin, uniq_natasha

Skill      XL: |  1  2  3  4  5 |
---------------+----------------+-----
Fighting       | 2 3 4 |  4.0
Ice Magic      | 2 3 |  3.0
Stealth        | 3 |  3.0
Short Blades   | 2 |  2.8
Dodging        | |  2.1
Spellcasting   | |  2.2
Hexes          | |  3.4

Action                   |  1- 3 |  4- 6 || total
-------------------------+-------+-------++-------
Melee: Dagger            |    90 |    21 ||   111
       Hand axe          |     2 |    15 ||    17
       Punch             |     1 |       ||     1
Throw: Stone             |     4 |       ||     4
 Cast: Ensorcelled Hiber |    11 |    19 ||    30
 Abil: Hop               |     2 |     3 ||     5
  Use: Potion            |     1 |     2 ||     3
 Stab: Sleeping          |     9 |    10 ||    19
       Invisible         |       |     3 ||     3
Armor: Robe              |    25 |       ||    25
       Leather armour    |       |    12 ||    12
Dodge: Dodged            |    66 |    26 ||    92
